 Dungeon Crawl Stone Soup version 0.28.0-45-g0d030f2227 (webtiles) character file.

Game seed: 12573553468429597434

203190 Kaptain the Earth Mage (level 18, -5/120 HPs)
             Began as a Gargoyle Earth Elementalist on Apr 1, 2022.
             Slain by a wolf spider (17 damage)
             ... on level 1 of the Spider Nest on Apr 4, 2022.
             The game lasted 01:58:02 (46176 turns).

Kaptain the Earth Mage (GrEE)                      Turns: 46176, Time: 01:58:02

Health: -5/120     AC: 31    Str: 18    XL:     18   Next: 60%
Magic:  45/45      EV: 11    Int: 23    God:
Gold:   1062       SH: 10    Dex: 10    Spells: 20/45 levels left

rFire   + . .      SeeInvis +   y - +5 trident (flame)
rCold   + . .      Faith    .   i - +0 kite shield {AC+3}
rNeg    + . .      Spirit   .   I - +0 troll leather armour
rPois   ∞          Reflect  .   Y - +0 helmet of Vun Jiud {Str+2}
rElec   +          Harm     .   s - scarf {rC+ rF+}
rCorr   .          Rampage  .   R - +2 pair of gloves {Str+3}
Will    +....                   f - +2 pair of boots {Fly}
Stlth   ++........              C - amulet of magic regeneration
HPRegen 1.10/turn               Q - ring of magical power
MPRegen 0.69/turn               z - ring of see invisible

@: flying, studying Polearms
A: sickness immunity, AC +13, big wings, negative energy resistance 1,
electricity resistance, torment resistance 1, petrification resistance
}: 1/15 runes: decaying
a: no special abilities


You were on level 1 of the Spider Nest.
You visited 5 branches of the dungeon, and saw 29 of its levels.
You also visited: Sewer, Ossuary, Gauntlet and Ice Cave.

You collected 2908 gold pieces.
You spent 1846 gold pieces at shops.

Inventory:

Hand Weapons
 m - a +2 scimitar of protection
 y - a +5 trident of flaming (weapon)
 A - the +6 hand axe of Zin {flame, rC+ Int+2}
   (You found it on level 2 of the Swamp)

   It burns those it strikes, dealing additional fire damage.
   Big, fiery blades are also staple armaments of hydra-hunters.
   Int:       It affects your intelligence (+2).
   rC:        It protects you from cold.
 X - the +6 hand axe of Duruymim {vorpal, rF+ Str+3 Dex+2}
   (You found it in a Gauntlet)

   It inflicts extra damage upon your enemies.
   Str:       It affects your strength (+3).
   Dex:       It affects your dexterity (+2).
   rF:        It protects you from fire.
Missiles
 c - 391 stones
 K - 4 throwing nets
 M - 6 silver javelins
Armour
 f - a +2 pair of boots of flying (worn)
 g - a +0 tower shield of cold resistance
 i - a +0 kite shield of protection (worn)
 l - +0 steam dragon scales
 s - a scarf of resistance (worn)
 u - +0 acid dragon scales
 I - a +0 troll leather armour (worn)
 L - the +0 tower shield of Kirphuz {Slay+2 Stlth+}
   (You found it in an ice cave)

   Slay:      It affects your accuracy & damage with ranged weapons and melee
   (+2).
   Stlth:     It makes you more stealthy.
 R - a +2 pair of gloves of strength (worn)
 Y - the +0 helmet of Vun Jiud (worn) {Str+2}
   (You found it in a Gauntlet)

   Str:       It affects your strength (+2).
Magical Staves
 o - a staff of earth
 t - a staff of conjuration
Jewellery
 d - a +6 ring of intelligence
 p - a +6 ring of dexterity
 z - a ring of see invisible (right hand)
 C - an amulet of magic regeneration (around neck)
 H - the amulet of Brilliance {Reflect +Blink rPois rC- SH+5 Stlth+}
   (You found it on level 15 of the Dungeon)

   [amulet of reflection]

   It reflects blocked missile attacks.
   rC:        It makes you vulnerable to cold.
   rPois:     It protects you from poison.
   +Blink:    It lets you blink.
   SH:        It affects your SH (+5).
   Stlth:     It makes you more stealthy.
 N - an amulet of the acrobat
 Q - a ring of magical power (left hand)
Wands
 b - a wand of digging (9)
 S - a wand of acid (11)
 T - a wand of mindburst (21)
 W - a wand of iceblast (12)
Scrolls
 j - 10 scrolls of immolation
 n - 10 scrolls of teleportation
 r - 3 scrolls of enchant weapon
 x - 3 scrolls of holy word
 B - 3 scrolls of enchant armour
 E - 3 scrolls of magic mapping
 F - 2 scrolls of summoning
 G - a scroll of fear
 O - 2 scrolls of blinking
 P - 4 scrolls of identify
 V - 8 scrolls of amnesia
 Z - 3 scrolls of fog
Potions
 a - 15 potions of curing
 e - 9 potions of cancellation
 q - 7 potions of mutation
 w - 6 potions of lignification
 D - a potion of might
 J - a potion of resistance
 U - 6 potions of brilliance
Miscellaneous
 h - a phantom mirror
 v - a lightning rod (4/4)


   Skills:
 * Level 16.2 Fighting
 + Level 5.5 Polearms
 + Level 11.8 Armour
 - Level 5.0 Dodging
 - Level 5.0 Stealth
 - Level 10.0 Shields
 * Level 14.0 Spellcasting
 * Level 16.1 Conjurations
 - Level 0.7 Transmutations
 * Level 17.7 Earth Magic


You had 20 spell levels left.
You knew the following spells:

 Your Spells              Type           Power      Damage    Failure   Level
a - Sandblast             Erth           100%       2d20      0%          1
b - Stone Arrow           Conj/Erth      100%       3d13      1%          3
c - Fulminant Prism       Conj/Hex       26%        3d14      3%          4
d - Orb of Destruction    Conj           37%        9d11      11%         7
e - Fireball              Conj/Fire      26%        3d12      10%         5
f - Blink                 Tloc           32%        N/A       14%         2
g - Swiftness             Air            16%        N/A       28%         3

Your spell library contained the following spells:

 Spells                   Type           Power      Damage    Failure   Level
 Magic Dart               Conj           100%       1d8       0%          1
 Shock                    Conj/Air       100%       1d9       1%          1
 Passwall                 Tmut/Erth      45%        N/A       1%          2
 Searing Ray              Conj           100%       2d8       1%          2
 Dazzling Flash           Conj/Hex       100%       N/A       1%          3
 Petrify                  Tmut/Erth      55%        N/A       2%          4
 Hailstorm                Conj/Ice       52%        3d12      3%          4
 Iskenderun's Mystic Bla  Conj/Tloc      52%        2d11      3%          4
 Borgnjor's Vile Clutch   Necr/Erth      27%        N/A       7%          5
 Sting                    Tmut/Pois      68%        1d6       9%          1
 Apportation              Tloc           32%        N/A       10%         1
 Freeze                   Ice            64%        1d8       10%         1
 Pain                     Necr           64%        1d7       10%         1
 Summon Small Mammal      Summ           64%        N/A       10%         1
 Call Imp                 Summ           16%        N/A       14%         2
 Corpse Rot               Necr/Air       32%        N/A       14%         2
 Poisonous Vapours        Pois/Air       32%        N/A       14%         2
 Call Canine Familiar     Summ           16%        N/A       28%         3
 Confusing Touch          Hex            16%        N/A       28%         3
 Frozen Ramparts          Ice            32%        1d5       28%         3
 Lesser Beckoning         Tloc           16%        N/A       28%         3
 Ozocubu's Armour         Ice            16%        N/A       28%         3
 Summon Guardian Golem    Hex/Summ       16%        N/A       28%         3
 Starburst                Conj/Fire      26%        6d8       45%         6
 Airstrike                Air            8%         N/A       67%         4
 Olgreb's Toxic Radiance  Pois           16%        N/A       67%         4
 Summon Ice Beast         Ice/Summ       16%        N/A       67%         4
 Alistair's Intoxication  Tmut/Pois      11%        N/A       92%         5
 Yara's Violent Unravell  Hex/Tmut       8%         3d5       92%         5
 Agony                    Necr           16%        N/A       95%         5
 Excruciating Wounds      Necr           8%         N/A       95%         5
 Manifold Assault         Tloc           16%        N/A       95%         5
 Summon Mana Viper        Hex/Summ       16%        N/A       95%         5
 Spellforged Servitor     Conj/Summ      26%        N/A       96%         7
 Dispersal                Tloc           8%         N/A       100%        6
 Eringya's Noxious Bog    Tmut/Pois      8%         N/A       100%        6
 Simulacrum               Ice/Necr       8%         N/A       100%        6
 Enfeeble                 Hex            8%         N/A       100%        7
 Monstrous Menagerie      Summ           8%         N/A       100%        7
 Ozocubu's Refrigeration  Ice            8%         4d6       100%        7
 Summon Hydra             Summ           8%         N/A       100%        7
 Disjunction              Tloc           8%         N/A       100%        8
 Ignition                 Fire           8%         3d5       100%        8
 Chain Lightning          Conj/Air       26%        3d34      100%        9
 Fire Storm               Conj/Fire      26%        8d7       100%        9
 Shatter                  Erth           39%        3d31*     100%        9


Dungeon Overview and Level Annotations

Branches:
Dungeon (15/15)            Temple (0/1) D:5            Lair (6/6) D:11
  Swamp (4/4) Lair:3       Spider (2/4) Lair:2        Slime (0/5) Lair:6
    Orc (2/2) D:12            Elf (0/3) Orc:2        Vaults (0/5) D:13
 Depths (0/4) D:15          Sewer (visited)         Ossuary (visited)
  IceCv (visited)         Gauntlet (visited)

Altars:
Cheibriados
Dithmenos
Elyvilon
Gozag
Hepliaklqana
Kikubaaqudgha
Nemelex Xobeh
Okawaru
Qazlal
Sif Muna
Xom
Yredelemnul
Zin
Beogh
Jiyva

Shops:
D:2 ?   D:11 (*   Orc:2 [:::

Annotations:
D:12 Rupert
Lair:5 3 runed translucent doors, Kaofid's ghost, journeyman GrEE
Swamp:2 Piask's ghost, adept FoAK


Innate Abilities, Weirdness & Mutations

You are immune to sickness and miasma.
Your stone body is resilient. (AC +13)
You are immune to poison.
Your large and strong wings let you fly.
You resist negative energy. (rN+)
You are resistant to electric shocks. (rElec)
You are resistant to unholy torment.
You are immune to petrification.


Message History

There is a stone staircase leading down here.
You block the wolf spider's attack.
The wolf spider bites you but does no damage.
The wolf spider closely misses you. The wolf spider bites you!
You block the pharaoh ant's attack.
The demonic crawler hits you but does no damage.
The demonic crawler hits you! The demonic crawler barely misses you.
The wolf spider barely misses you. The wolf spider bites you.
The pharaoh ant bites you but does no damage.
The wolf spider hits you but does no damage.
The wolf spider barely misses you.
As you read the scroll of fear, it crumbles to dust.
You assume a fearsome visage.
The demonic crawler looks frightened!
The pharaoh ant is unaffected.
The wolf spider looks frightened! x2
The tarantella looks frightened!
The wolf spider is unaffected.
The wolf spider barely misses you. The wolf spider misses you.
You block the wolf spider's attack.
The wolf spider bites you but does no damage.
The pharaoh ant bites you but does no damage.
The wolf spider hits you. You block the wolf spider's attack.
You block the pharaoh ant's attack.
The wolf spider rages.
You block the pharaoh ant's attack.
The wolf spider hits you but does no damage.
The wolf spider bites you! The pharaoh ant bites you! The wolf spider hits you.
The wolf spider closely misses you. The wolf spider closely misses you. x2
The wolf spider barely misses you. The wolf spider bites you.
* * * LOW HITPOINT WARNING * * *
Unknown command.
You feel much better. You block the wolf spider's attack.
The wolf spider bites you but does no damage.
The pharaoh ant bites you! The wolf spider hits you.
The wolf spider bites you but does no damage.
The pharaoh ant closely misses you. The wolf spider hits you!!
* * * LOW HITPOINT WARNING * * *
The wolf spider bites you but does no damage.
You block the wolf spider's attack. The wolf spider bites you!
You die...

.#.#........#.>...#...##...##....
.#..........#.....#..##..........
.##......!......##.............#.
.#.#...#.....#............sH...#.
.#...###.#................#####..
.....^..........######.....# #.##
...........#.........#####.####.#
..)#....##.#........##...####....
.....#......."..@##.#....####...#
.#####......#.#.sB......##..#...^
.#..........#.#......#.....###...
.##.)................##.........#
.##....#...###.(...†.†#.......<.#
.###................>...........#
......#..............##..........
...............#......##......#.#
.....#....:....#.....###.#.......


You could see a wolf spider (berserk) and a pharaoh ant.

Vanquished Creatures
  Jorgrun (Swamp:1)
  Frances (D:12)
  4 thorn hunters
  Donald (Swamp:4)
  2 fenstrider witches
  The ghost of Ykec Esm the Carver, a journeyman DrWn of Ashenzari (Swamp:3)
  2 frost giants (IceCv)
  A ghost moth (Spider:1)
  Aizul (Spider:1)
  Nessos (D:13)
  An entropy weaver (Lair:2)
  A white draconian (IceCv)
  8 eleionomae
  7 bunyips
  A minotaur (Gauntlet)
  2 fire dragons (D:14)
  3 shambling mangroves
  Fannar (D:10)
  3 boulder beetles (D:13)
  2 vault guards (D:13)
  2 ice dragons (IceCv)
  Harold (D:8)
  25 hydras
  4 ironbound frosthearts (IceCv)
  A rakshasa (D:13)
  A jorogumo (Spider:1)
  A catoblepas (Lair:6)
  13 alligators
  4 centaur warriors
  4 ogre magi
  3 tengu warriors
  8 death yaks
  16 two-headed ogres
  Sonja (D:10)
  An orc high priest (Orc:2)
  4 sixfirhies (Gauntlet)
  3 skeletal warriors
  2 pharaoh ants (Spider:2)
  3 spriggan druids
  7 bog bodies
  12 goliath frogs
  A steelbarb worm (Spider:1)
  Pikel (D:5)
  11 swamp dragons
  An orange crystal statue (IceCv)
  4 necromancers (D:13)
  A wizard (Gauntlet)
  3 wolf spiders (Spider:1)
  16 ugly things
  5 cyclopes
  4 manticores
  A deep elf pyromancer (D:13)
  2 orc knights
  2 orc sorcerers (Orc:2)
  13 elephants
  6 will-o-the-wisps
  3 moths of wrath
  Maurice (D:12)
  A salamander (D:15)
  7 black mambas
  22 cane toads
  3 torpor snails
  A torpor snail (shapeshifter) (D:15)
  A gargoyle (D:12)
  An unseen horror (D:12)
  4 komodo dragons
  19 rime drakes
  A tengu conjurer (Gauntlet)
  4 demonic crawlers
  A bloated husk (Swamp:4)
  3 meliai
  3 trolls
  22 polar bears
  3 tarantellas
  23 blink frogs
  10 tyrant leeches
  7 hornets
  8 slime creatures
  6 dream sheep (Lair:6)
  3 jumping spiders
  7 spriggans
  A shadow (D:12)
  A jumping spider (shapeshifter) (D:15)
  3 wraiths
  6 wyverns
  4 culicivoras
  A spriggan (shapeshifter) (D:15)
  19 humans
  54 yaks
  3 fire bats (Lair:5)
  3 basilisks (Lair:6)
  A steam dragon (Lair:4)
  12 vampire mosquitoes
  11 redbacks
  3 acid dragons
  5 wargs
  25 swamp worms
  11 water moccasins
  A floating eye (D:14)
  7 swamp drakes
  15 orc warriors
  A sky beast (D:5)
  3 ice beasts
  Duvessa (D:5)
  7 black bears
  Pargi (Sewer)
  9 wolves
  2 necrophages (D:7)
  26 ogres
  12 centaurs
  3 kobold brigands
  17 bullfrogs
  2 scorpions
  A wyvern skeleton (D:7)
  Dowan (D:5)
  6 wights (D:8)
  A howler monkey (D:14)
  An electric eel (Lair:6)
  4 centaur zombies
  3 hounds
  7 orc priests
  A jelly (D:6)
  2 gnoll shamans
  A centaur skeleton (D:6)
  An iguana (D:3)
  17 orc wizards
  10 hell rats
  A killer bee zombie (D:8)
  8 mummies (Ossuary)
  2 howler monkey zombies
  16 gnolls
  6 river rats
  5 adders
  2 white imps
  An ufetubus (D:6)
  2 dart slugs (D:1)
  65 orcs
  5 endoplasms
  6 giant cockroaches
  A gnoll zombie (Ossuary)
  9 goblins
  9 hobgoblins
  3 jackals (D:2)
  19 kobolds
  3 quokkas
  7 ball pythons
  4 bats
  7 frilled lizards
  2 hobgoblin zombies (Ossuary)
  2 kobold zombies (Ossuary)
  3 orc zombies (Ossuary)
  18 rats
927 creatures vanquished.

Vanquished Creatures (collateral kills)
  Saint Roka (Orc:2)
1 creature vanquished.

Vanquished Creatures (others)
  A spriggan (Swamp:3)
  2 bloated husks (Swamp:3)
  A hornet (Swamp:3)
  2 howler monkeys (D:8)
  27 foxfires
  9 fulminant prisms
  87 fungi
  166 plants
295 creatures vanquished.

Grand Total: 1223 creatures vanquished

Notes
Turn   | Place    | Note
-------+----------+-------------------------------------------
     0 | D:1      | Kaptain the Gargoyle Earth Elementalist began the quest for
                  | the Orb.
     0 | D:1      | Reached XP level 1. HP: 10/10 MP: 3/3
   288 | D:1      | Reached XP level 2. HP: 16/16 MP: 0/5
   870 | D:1      | Reached skill level 1 in Fighting
   870 | D:1      | Reached skill level 1 in Conjurations
   895 | D:1      | Reached XP level 3. HP: 20/20 MP: 4/6
   948 | D:1      | Learned a level 3 spell: Stone Arrow
  1412 | D:2      | Found a faded altar of an unknown god.
  1426 | D:2      | Identified the +3 ring mail of Imudor {rElec Will- Str+2}
  1481 | D:2      | Reached skill level 4 in Earth Magic
  1816 | D:2      | Reached XP level 4. HP: 25/25 MP: 5/7
  1894 | D:2      | Reached skill level 1 in Armour
  1925 | D:2      | Found Vam Ytus's Magic Scroll Boutique.
  1932 | D:2      | Bought a scroll of identify for 26 gold pieces
  2451 | D:3      | Reached XP level 5. HP: 28/30 MP: 5/9
  3242 | D:4      | Noticed a black bear
  3258 | D:3      | Killed a black bear
  3259 | D:3      | Reached XP level 6. HP: 36/36 MP: 2/10
  4135 | D:4      | Found a stormy altar of Qazlal.
  4137 | D:4      | Found a shadowy altar of Dithmenos.
  4138 | D:4      | Found an opulent altar of Gozag.
  4340 | D:4      | Reached skill level 5 in Earth Magic
  4470 | D:4      | Noticed a black bear
  4472 | D:4      | Killed a black bear
  4473 | D:4      | Reached skill level 1 in Shields
  4473 | D:4      | Reached XP level 7. HP: 41/41 MP: 5/12
  4574 | D:4      | Found a glowing silver altar of Zin.
  4668 | D:5      | Entered Level 5 of the Dungeon
  4891 | D:5      | Found a staircase to the Ecumenical Temple.
  4953 | D:5      | Noticed Duvessa
  4953 | D:5      | Noticed Dowan
  4954 | D:5      | Noticed Pikel
  5071 | D:5      | Found a snail-covered altar of Cheibriados.
  5275 | D:5      | Found a glowing drain.
  5279 | Sewer    | Entered a sewer
  5348 | Sewer    | Noticed Pargi
  5353 | Sewer    | Killed Pargi
  5354 | Sewer    | Reached XP level 8. HP: 48/48 MP: 3/13
  5681 | D:5      | Killed Pikel
  5682 | D:5      | Reached skill level 6 in Earth Magic
  5743 | D:5      | Killed Duvessa
  5846 | D:5      | Killed Dowan
  6037 | D:6      | Reached skill level 5 in Fighting
  6059 | D:6      | Reached skill level 5 in Conjurations
  6059 | D:6      | Reached XP level 9. HP: 50/54 MP: 0/16
  6532 | D:6      | Found a sand-covered staircase.
  6541 | Ossuary  | Entered an ossuary
  6852 | D:6      | Reached skill level 5 in Spellcasting
  7105 | D:7      | Reached skill level 7 in Earth Magic
  7134 | D:7      | Found an ancient bone altar of Kikubaaqudgha.
  7280 | D:7      | Found a white marble altar of Elyvilon.
  7941 | D:7      | Found a basalt altar of Yredelemnul.
  8042 | D:8      | Noticed a two-headed ogre
  8047 | D:8      | Killed a two-headed ogre
  8048 | D:8      | Reached skill level 5 in Stealth
  8048 | D:8      | Reached skill level 8 in Earth Magic
  8048 | D:8      | Reached XP level 10. HP: 37/61 MP: 7/18
  8310 | D:8      | Noticed Harold
  8318 | D:8      | Killed Harold
  8886 | D:8      | Found a sparkling altar of Nemelex Xobeh.
  9095 | D:8      | Found an iron altar of Okawaru.
  9098 | D:8      | Found a shimmering altar of Xom.
  9098 | D:8      | Found a shimmering blue altar of Sif Muna.
  9400 | D:9      | Reached skill level 5 in Armour
 10074 | D:9      | Reached skill level 9 in Earth Magic
 10362 | D:10     | Entered Level 10 of the Dungeon
 10461 | D:10     | Reached XP level 11. HP: 54/68 MP: 5/21
 10638 | D:10     | Found a hazy altar of Hepliaklqana.
 10684 | D:10     | Noticed Fannar
 10692 | D:10     | Killed Fannar
 10693 | D:10     | Reached skill level 5 in Shields
 11040 | D:10     | Noticed Sonja
 11042 | D:10     | Killed Sonja
 11569 | D:11     | Noticed a cyclops
 11575 | D:11     | Killed a cyclops
 11791 | D:11     | Found Ulot's Assorted Antiques.
 11792 | D:11     | Found Dany's Weapon Boutique.
 11880 | D:11     | Found a staircase to the Lair.
 11925 | D:11     | Reached skill level 10 in Earth Magic
 12041 | D:11     | Noticed a manticore
 12047 | D:11     | Killed a manticore
 12326 | Lair:1   | Entered Level 1 of the Lair of Beasts
 12773 | Lair:1   | Reached XP level 12. HP: 75/75 MP: 15/23
 13466 | Lair:2   | Found a hole to the Spider Nest.
 14900 | Lair:3   | Noticed an eight-headed hydra
 14916 | Lair:3   | Reached skill level 11 in Earth Magic
 14934 | Lair:3   | Killed an eight-headed hydra
 15101 | Lair:3   | Noticed a six-headed hydra
 15107 | Lair:3   | Killed a six-headed hydra
 15302 | Lair:3   | Found a staircase to the Swamp.
 15852 | Lair:4   | Reached skill level 10 in Conjurations
 15859 | Lair:4   | Reached skill level 10 in Fighting
 15897 | Lair:4   | Reached XP level 13. HP: 82/82 MP: 6/25
 17212 | Lair:5   | Found a gate leading to a gauntlet.
 17221 | Gauntlet | Entered a Gauntlet
 17221 | Gauntlet | Found a transporter.
 17221 | Gauntlet | Found a transporter.
 17221 | Gauntlet | Found a transporter.
 17342 | Gauntlet | Found a transporter.
 17343 | Gauntlet | Found a transporter.
 17346 | Gauntlet | Found a transporter.
 17350 | Gauntlet | Found a runed translucent door.
 17350 | Gauntlet | Found a runed translucent door.
 17353 | Gauntlet | Found a transporter.
 17354 | Gauntlet | Found a transporter.
 17355 | Gauntlet | Found a transporter.
 17357 | Gauntlet | Found a transporter.
 17361 | Gauntlet | Found a runed translucent door.
 17363 | Gauntlet | Found a runed translucent door.
 17365 | Gauntlet | Found a transporter.
 17370 | Gauntlet | Found a transporter.
 17631 | Gauntlet | Identified the +6 hand axe of Duruymim {vorpal, rF+ Str+3
                  | Dex+2}
 17645 | Gauntlet | Reached skill level 12 in Earth Magic
 17725 | Gauntlet | Identified the +0 helmet of Vun Jiud {Str+2}
 17749 | Gauntlet | Noticed a minotaur
 17762 | Gauntlet | Killed a minotaur
 18727 | Lair:5   | Found a runed translucent gate.
 18727 | Lair:5   | Found a runed translucent gate.
 18727 | Lair:5   | Found a runed translucent gate.
 18728 | Lair:5   | Noticed Kaofid's ghost (journeyman GrEE)
 19226 | Lair:5   | Learned a level 4 spell: Fulminant Prism
 19471 | Lair:6   | Entered Level 6 of the Lair of Beasts
 19483 | Lair:6   | Gained mutation: Your large and strong wings let you fly.
                  | [Gargoyle growth]
 19483 | Lair:6   | Reached XP level 14. HP: 79/90 MP: 4/27
 19738 | Lair:5   | Reached skill level 5 in Dodging
 19929 | Lair:6   | Reached skill level 10 in Spellcasting
 20362 | Lair:6   | Reached skill level 13 in Earth Magic
 23011 | Lair:6   | Found a viscous altar of Jiyva.
 23011 | Lair:6   | Found a staircase to the Slime Pits.
 23302 | D:12     | Noticed Frances
 23319 | D:12     | Killed Frances
 23320 | D:12     | Reached XP level 15. HP: 55/97 MP: 14/29
 23742 | D:12     | Learned a level 7 spell: Orb of Destruction
 24049 | D:12     | Noticed Maurice
 24057 | D:12     | Killed Maurice
 24119 | D:12     | Found a staircase to the Orcish Mines.
 24160 | D:12     | Noticed Rupert
 24181 | Orc:1    | Entered Level 1 of the Orcish Mines
 24397 | Orc:2    | Entered Level 2 of the Orcish Mines
 24686 | Orc:2    | Paralysed by something for 4 turns
 24725 | Orc:1    | Reached skill level 14 in Earth Magic
 25385 | Orc:2    | Paralysed by something for 6 turns
 25405 | Orc:1    | Reached skill level 10 in Shields
 25838 | Orc:2    | Found Ajiaph's Book Emporium.
 25838 | Orc:2    | Found Icoreyni's Antique Armour Boutique.
 25839 | Orc:2    | Found Meeryum's Book Shop.
 25839 | Orc:2    | Found Xacaso Qym's Book Emporium.
 26040 | Orc:2    | Noticed Saint Roka
 26681 | D:12     | Found a shimmering blue altar of Sif Muna.
 28216 | D:13     | Noticed Nessos
 28227 | D:13     | Killed Nessos
 28795 | D:13     | Found a gate to the Vaults.
 28911 | D:13     | Reached XP level 16. HP: 104/104 MP: 25/31
 29513 | D:14     | Reached skill level 15 in Earth Magic
 30779 | D:15     | Entered Level 15 of the Dungeon
 30780 | D:15     | Identified the amulet of Brilliance {Reflect +Blink rPois
                  | rC- SH+5 Stlth+}
 30887 | D:15     | Reached skill level 10 in Armour
 32490 | D:14     | Paralysed by a floating eye for 2 turns
 32776 | D:15     | Found a staircase to the Depths.
 33027 | Swamp:1  | Entered Level 1 of the Swamp
 34875 | Swamp:1  | Noticed Jorgrun
 34962 | Swamp:1  | Killed Jorgrun
 35194 | Swamp:1  | Noticed a fenstrider witch
 35207 | Swamp:1  | Killed a fenstrider witch
 36065 | Swamp:2  | Reached skill level 16 in Earth Magic
 36293 | Swamp:2  | Found a transporter.
 36352 | Swamp:2  | Noticed Piask's ghost (adept FoAK)
 36386 | Swamp:2  | Learned a level 5 spell: Fireball
 36447 | Swamp:2  | Found a transporter.
 36536 | Swamp:2  | Reached XP level 17. HP: 92/112 MP: 4/33
 36977 | Swamp:2  | Identified the +0 leather armour of Discretion {Int+4 Dex+4
                  | Stlth+}
 36989 | Swamp:2  | Identified the +6 hand axe of Zin {flame, rC+ Int+2}
 37432 | Orc:2    | Killed Saint Roka
 37962 | Orc:2    | Found a staircase to the Elven Halls.
 39606 | Orc:2    | Bought a book of Annihilations for 1020 gold pieces
 39608 | Orc:2    | Bought a manual of Polearms for 800 gold pieces
 39972 | Swamp:3  | Found a large runed translucent door.
 39973 | Swamp:3  | Found a large runed translucent door.
 39980 | Swamp:3  | Noticed Ykec Esm's ghost (journeyman DrWn)
 40025 | Swamp:3  | Killed Ykec Esm's ghost
 40158 | Swamp:3  | Got Zearghu's Volume of Battle Magic and Calling
 40256 | Swamp:3  | Reached skill level 15 in Fighting
 40342 | Swamp:3  | Reached skill level 1 in Polearms
 40342 | Swamp:3  | Reached skill level 15 in Conjurations
 40481 | Swamp:3  | Learned a level 2 spell: Blink
 40485 | Swamp:3  | Learned a level 3 spell: Swiftness
 41103 | Swamp:4  | Entered Level 4 of the Swamp
 42064 | Swamp:4  | Reached skill level 17 in Earth Magic
 42403 | Swamp:4  | Got a decaying rune of Zot
 42422 | Swamp:4  | Noticed Donald
 42428 | Swamp:4  | Killed Donald
 42589 | Swamp:4  | Reached XP level 18. HP: 107/120 MP: 27/35
 43141 | Spider:1 | Entered Level 1 of the Spider Nest
 43332 | Spider:1 | Noticed Aizul
 43365 | Spider:1 | Killed Aizul
 44261 | Spider:2 | Found a frozen archway.
 44265 | IceCv    | Entered an ice cave
 44850 | IceCv    | Reached skill level 5 in Polearms
 45525 | IceCv    | Got Zebysaek's Volume of the Glacier
 45856 | IceCv    | Identified the +0 tower shield of Kirphuz {Slay+2 Stlth+}
 46176 | Spider:1 | Slain by a wolf spider

Illustrated notes

Levels and vault maps discovered:
D:1:      lightli_arrival_lavapool, layout_loops_corners, minmay_tetromino_t2
D:2:      layout_loops_cross, shapermc_ecumenical_altar_mp_urbaneastern,
          serial_shops, nicolae_shop_stone
D:3:      layout_rooms, minivault_26
D:4:      layout_basic, zin_treasury, grunt_temple_overflow_open,
          grunt_decor_fettered
D:5:      layout_loops_ring, mainiacjoe_overflow_surrounded_room,
          minmay_temple_entry_glassed_door, gup_sewer_entry_spiral, uniq_pikel,
          uniq_duvessa
D:6:      layout_rooms, enter_ossuary_1
D:7:      layout_basic, kennysheep_ying_yang, kiku_gazebo_pond_becter,
          kennysheep_generic_room_13
D:8:      layout_basic, nemelex_diamond_rough_becter,
          grunt_temple_overflow_diamond, lemuel_flamethrower_2, uniq_harold
D:9:      layout_long_grid, kennysheep_generic_room_15
D:10:     layout_gridville, mainiacjoe_overflow_catwalk, minmay_misc_feat_cross,
          uniq_sonja, uniq_fannar
D:11:     layout_rooms, due_lair_maze_entry_diamond, nicolae_wooded_promenade
D:12:     layout_stronghold, orc_0_dummy, led_sif_pool, uniq_rupert,
          uniq_maurice, uniq_frances
D:13:     layout_irregular_city, grunt_vaults_entry_tiered, uniq_nessos
D:14:     layout_loops_ring, serial_co_window_serial,
          co_window_of_opportunity_a, co_window_of_opportunity_a,
          co_window_paths_b, co_window_paths_a, co_window_of_opportunity_a,
          co_window_of_opportunity_a, co_window_paths_b, co_window_corner_b,
          co_window_corner_ca, co_window_broadway_a, co_window_paths_c,
          co_window_corner_cb
D:15:     hangedman_depths_entry_try_elsewhere_first, layout_gridville,
          chequers_mini_garden, minivault_26
Lair:1:   layout_cave_pods, grunt_megastairs_4, serial_bayou_shore_b,
          serial_bayou_shore_a
Lair:2:   layout_cave_pods, spider_nest_entry_a
Lair:3:   layout_long_grid, palyth_hydra_swamp_entry
Lair:4:   layout_long_grid
Lair:5:   layout_cave_pods, nicolae_volcano_entry_batcave,
          gauntlet_entry_generic, gammafunk_ghost_hydra_chop,
          kennysheep_abandoned_house
Lair:6:   minmay_lair_end_frog_pond, layout_big_grid,
          dpeg_slime_entry_enclosed_altar, lemuel_fruit_tree,
          lemuel_fruit_fields
Swamp:1:  layout_basic_swamp, hangedman_swamp_lotus, swamp_pool2,
          hangedman_swamp_grove, uniq_jorgrun
Swamp:2:  layout_falls_marsh, gammafunk_ghost_berserking_beasts,
          nicolae_swamp_orc_logging_accident
Swamp:3:  layout_basic_swamp, ebering_ghost_disaster_area,
          evilmike_swamp_ruin_house_5, swamp_pool1, worms_lemuel
Swamp:4:  swamp_alternative, layout_basic_swamp, swamp_pool5, uniq_donald
Spider:1: layout_spider_delve, uniq_aizul
Spider:2: layout_spider_delve, portal_ice_cave_entry_pillars_three
Orc:1:    layout_caves
Orc:2:    st_orc_ogre_mass, layout_diamond_mine, mines2_david, uniq_saint_roka

Skill      XL: |  1  2  3  4  5  6  7  8  9 10 11 12 13 14 15 16 17 18 |
---------------+-------------------------------------------------------+-----
Fighting       | 1 2 3 5 6 7 8 10 11 12 13 14 15 16 | 16.2
Conjurations   | 1 2 3 5 6 7 8 10 11 12 13 14 15 16 | 16.1
Earth Magic    | 4 5 6 8 9 10 11 12 13 14 16 17 | 17.7
Armour         | 1 2 3 4 5 6 7 8 9 10 11 | 11.8
Dodging        | 2 3 4 5 |  5.0
Spellcasting   | 3 4 5 6 7 8 9 10 11 12 13 14 | 14.0
Shields        | 1 2 4 6 7 8 9 10 | 10.0
Stealth        | 3 5 |  5.0
Polearms       | 3 5 |  5.5
Transmutations | |  0.7

Action                   |  1- 3 |  4- 6 |  7- 9 | 10-12 | 13-15 | 16-18 || total
-------------------------+-------+-------+-------+-------+-------+-------++-------
Melee: Dagger            |     4 |       |    22 |       |       |       ||    26
       Short sword       |    27 |     9 |       |       |       |       ||    36
       Hunting sling     |       |     1 |       |       |       |       ||     1
       Whip              |       |       |    10 |       |       |       ||    10
       Trident           |       |       |       |    47 |    46 |    65 ||   158
 Fire: Hunting sling     |       |    24 |       |       |       |       ||    24
       Hand crossbow     |       |    31 |    78 |    26 |       |       ||   135
 Cast: Sandblast         |    41 |    33 |    49 |    68 |   118 |    92 ||   401
       Stone Arrow       |       |    15 |    58 |   245 |   737 |  1136 ||  2191
       Fulminant Prism   |       |       |       |       |     7 |     2 ||     9
       Orb of Destructio |       |       |       |       |       |     7 ||     7
       Blink             |       |       |       |       |       |     1 ||     1
Evoke: Wand              |       |       |       |     5 |     1 |     1 ||     7
       Phantom mirror    |       |       |       |       |       |     1 ||     1
  Use: Scroll            |       |    11 |     6 |     8 |     8 |     9 ||    42
       Potion            |       |       |       |     2 |     9 |    10 ||    21
 Stab: Sleeping          |     3 |       |       |       |       |       ||     3
       Petrified         |       |       |       |       |     1 |       ||     1
Armor: Robe              |    10 |    32 |       |    45 |    15 |       ||   102
       Leather armour    |       |       |    44 |    44 |       |       ||    88
       Steam dragon scal |       |       |       |       |   248 |       ||   248
       Troll leather arm |       |       |       |       |    26 |   645 ||   671
Dodge: Dodged            |    21 |    24 |    48 |   113 |   284 |   468 ||   958
Block: Buckler           |       |       |       |    41 |    19 |       ||    60
       Kite shield       |       |       |       |       |   305 |   626 ||   931
       Reflection        |       |       |       |       |       |    18 ||    18
